 Dungeon Crawl Stone Soup version 0.30-a0-881-g1ff12e1e11 (webtiles) character file.

Game seed: 8125174955934708451

34 ooooo the Conjurer (level 3, 24/24 HPs)
             Began as a Demonspawn Conjurer on Mar 15, 2023.
             Quit the game on level 1 of the Dungeon.
             The game lasted 00:03:04 (1332 turns).

ooooo the Conjurer (Demonspawn Conjurer)            Turns: 1332, Time: 00:03:05

Health: 24/24      AC:  2    Str:  7    XL:     3   Next: 14%
Magic:  3/6        EV: 12    Int: 21    God:
Gold:   55         SH:  0    Dex: 11    Spells: 3/6 levels left

rFire   . . .      SeeInvis .    i - +0 short sword
rCold   . . .      Faith    .    (no shield)
rNeg    . . .      Spirit   .    a - +0 robe
rPois   .          Reflect  .    (no helmet)
rElec   .          Rampage  .    (no cloak)
rCorr   .                        (no gloves)
Will    .....                    (no boots)
Stlth   ++                       (no amulet)
HPRegen 0.24/turn                (no ring)
MPRegen 0.10/turn                (no ring)

@: no status effects
A: demonic magic 1, demonic touch 1
a: no special abilities


You were on level 1 of the Dungeon.
You visited 1 branch of the dungeon, and saw 1 of its levels.

You collected 55 gold pieces.

Inventory:

Hand Weapons
 d - a +0 club
 e - a +0 hand axe
 i - a +0 short sword (weapon)
Armour
 a - a +0 robe (worn)
Jewellery
 k - an amulet of regeneration
Scrolls
 c - a scroll of acquirement {unknown}
 f - a scroll of identify {unknown}
 g - a scroll of poison {unknown}
 h - a scroll of blinking {unknown}
 l - a scroll of vulnerability {unknown}
 o - a scroll of immolation {unknown}
Potions
 b - a potion of magic
 j - 2 potions of flight {unknown}
 m - a potion of brilliance {unknown}
 n - a potion of might {unknown}


   Skills:
 - Level 1.7 Dodging
 - Level 1.7 Stealth
 - Level 2.0 Spellcasting
 + Level 5.1 Conjurations


You had 3 spell levels left.
You knew the following spells:

 Your Spells              Type           Power      Damage    Failure   Level
a - Searing Ray           Conj           46%        2d6       2%          2
b - Magic Dart            Conj           92%        1d7       1%          1

Your spell library contained the following spells:

 Spells                   Type           Power      Damage    Failure   Level
 Dazzling Flash           Conj/Hex       24%        N/A       16%         3
 Fulminant Prism          Conj/Hex       6%         3d7       45%         4
 Iskenderun's Mystic Bla  Conj/Tloc      12%        2d5       45%         4


Dungeon Overview and Level Annotations

Branches:
Dungeon (1/15) Zot: 4662

Altars:


Innate Abilities, Weirdness & Mutations

Spells you cast may paralyse adjacent enemies.
Your touch may inflict minor irresistible damage on your foes.


Message History

Press: ? - help, Shift-Dir - straight line, f - ball python
Aim: a ball python (75% to hit)
The searing ray hits the ball python!
You kill the ball python!
The searing ray hits the goblin!
You kill the goblin! (Press . to maintain the ray.) Malevolent energies surge around you.
There is an open door here.
You see here a +0 dagger.
There is an open door here.
Found 3 stones.
Found a stone staircase leading down.
A ball python comes into view.
A ball python is nearby!
The ball python hisses angrily.
The ball python closely misses you. The ball python misses you.
The ball python barely misses you. x2
You hit the ball python.
You kill the ball python!
You see here a ball python corpse.
A hobgoblin comes into view.
The hobgoblin shouts!
The hobgoblin hits you.
You barely miss the hobgoblin. Your touch misses the hobgoblin.
The hobgoblin misses you.
You closely miss the hobgoblin. The hobgoblin misses you.
Casting: Searing Ray (safe; 2% risk of failure)
Confirm with . or Enter, or press ? or * to list all spells.
Aiming: Searing Ray (safe; 2% risk of failure)
Press: ? - help, Shift-Dir - straight line, f - hobgoblin
Aim: a hobgoblin (78% to hit)
The searing ray hits the hobgoblin.
The hobgoblin is almost dead. (Press . to maintain the ray.) Malevolent energies surge around you.
The hobgoblin suddenly stops moving!
The searing ray hits the hobgoblin.
You kill the hobgoblin!
You now have 55 gold pieces (gained 15).
Are you sure you want to abandon this character and quit the game? (Confirm with "yes".)

#.###.#.####.##.#
#.##PP..# #.##.#
#.#(P...## #.....
#.PPP♣P..########
##...♣♣....## #
#....P♣P♣PP.#
#.PP♣♣♣♣♣♣..#
#..♣♣♣♣♣♣P..# #
#@..P♣♣P....# ##
#....P....#.# ##.
####.PP.....#
##..
#........###...
#..........')..
#........###...
#......#.# ##.♣
##....###.#####♣
#..............♣


There were no monsters in sight!

Vanquished Creatures
  A dart slug (D:1)
  6 ball pythons (D:1)
  2 bats (D:1)
  9 endoplasms (D:1)
  3 hobgoblins (D:1)
  A frilled lizard (D:1)
  2 goblins (D:1)
  2 kobolds (D:1)
  2 rats (D:1)
28 creatures vanquished.

Vanquished Creatures (others)
  2 plants (D:1)
2 creatures vanquished.

Grand Total: 30 creatures vanquished

Notes
Turn   | Place    | Note
-------+----------+-------------------------------------------
     0 | D:1      | ooooo the Demonspawn Conjurer began the quest for the Orb.
     0 | D:1      | Reached XP level 1. HP: 13/13 MP: 3/3
   316 | D:1      | Gained mutation: Your touch may inflict minor irresistible
                  | damage on your foes. [demonic ancestry]
   316 | D:1      | Reached XP level 2. HP: 19/19 MP: 0/5
   583 | D:1      | Learned a level 2 spell: Searing Ray
  1022 | D:1      | Reached skill level 5 in Conjurations
  1064 | D:1      | Gained mutation: Spells you cast may paralyse adjacent
                  | enemies. [demonic ancestry]
  1064 | D:1      | Reached XP level 3. HP: 24/24 MP: 2/6
  1332 | D:1      | Quit the game

Illustrated notes

Levels and vault maps discovered:
D:1:      dpeg_arrival_another_circle, layout_loops_corners, serial_forest,
          infiniplex_forest_corner_1, infiniplex_forest_straight_3,
          infiniplex_forest_clump_cross, infiniplex_forest_straight_4,
          infiniplex_forest_lined_4_way, infiniplex_forest_lined_4_way,
          infiniplex_forest_corner_1, infiniplex_forest_lined_room_2,
          infiniplex_forest_clump_double, infiniplex_forest_split,
          chequers_decorated_corner

Skill      XL: |  1  2 |
---------------+-------+-----
Conjurations   | 5 |  5.1
Dodging        | |  1.7
Stealth        | |  1.7
Spellcasting   | |  2.0

Action                     || total
---------------------------++-------
  Melee: Hand axe          ||    21
         Short sword       ||    14
         Touch             ||     6
         Punch             ||     1
   Cast: Magic Dart        ||    32
         Searing Ray       ||     6
   Stab: Sleeping          ||     1
 Armour: Robe              ||    10
  Dodge: Dodged            ||    24

Table legend: (Time is in decaauts)
 A = Elapsed time spent in this place.
 B = Non-inter-level travel time spent in this place.
 C = Inter-level travel time spent in this place.
 D = Time resting spent in this place.
 E = Time spent auto-exploring this place.
 F = Levels seen in this place.
 G = Mean time per level.
                   A        B        C        D        E       F      G
               +--------+--------+--------+--------+--------+-----+--------+
         Total |   1337 |   1337 |      0 |     28 |   1098 |   1 | 1337.0 |
       Dungeon |   1337 |   1337 |      0 |     28 |   1098 |   1 | 1337.0 |
               +--------+--------+--------+--------+--------+-----+--------+

Top non-repeatable levels by time:
     D:1: 1337 daAuts
